TOP OF THE 1ST |
Pensacola Pilots batting - Pitching for State College Spikes : RHP Garrett Bell
|
Pitching: RHP Garrett Bell
|
|
Batting: RHB Albert Morán
|
0-0: Ground out 4-3 (Groundball, 4D)
|
Batting: RHB Jeff Bergeron
|
0-0: Called Strike 0-1: Ball 1-1: Called Strike 1-2: Ball 2-2: Ball 3-2: Base on Balls
|
Batting: RHB Robert Rose
|
0-0: Ball 1-0: 2-RUN HOME RUN (Flyball, 7LD), Distance : 328 ft
|
Batting: SHB Fernando Gutiérrez
|
0-0: Ball 1-0: Fly out, F9 (Line Drive, 9D)
|
Batting: RHB Dennis Mays
|
0-0: Ball 1-0: Foul Ball, location: 2F 1-1: Foul Ball, location: 2F 1-2: Strikes out looking
|
Top of the 1st over - 2 run(s), 1 hit(s), 0 error(s), 0 left on base; Pensacola 2 - State College 0 |
BOTTOM OF THE 1ST |
State College Spikes batting - Pitching for Pensacola Pilots : LHP Ramón Vázquez
|
Pitching: LHP Ramón Vázquez
|
|
Batting: RHB Matt Tucker
|
0-0: Called Strike 0-1: Ball 1-1: Fly out, F9 (Flyball, 9)
|
Batting: SHB Nuno Fonseca
|
0-0: Swinging Strike 0-1: Called Strike 0-2: Foul Ball, location: 2F 0-2: Strikes out swinging
|
Batting: RHB Luis Montoya
|
0-0: Called Strike 0-1: Ball 1-1: Ball 2-1: SINGLE (Groundball, 56D)
|
Batting: RHB Diego Benítez
|
0-0: Ball 1-0: Called Strike 1-1: Swinging Strike 1-2: Ball 2-2: Foul Ball, location: 2F 2-2: Ball Luis Montoya is caught stealing 2nd base
|
Bottom of the 1st over - 0 run(s), 1 hit(s), 0 error(s), 0 left on base; Pensacola 2 - State College 0 |
TOP OF THE 2ND |
Pensacola Pilots batting - Pitching for State College Spikes : RHP Garrett Bell
|
Batting: LHB Ricardo García
|
0-0: Ball 1-0: Ball 2-0: Foul Ball, location: 2F 2-1: Foul Ball, location: 2F 2-2: SINGLE (Groundball, 4MD)
|
Batting: SHB José Velásquez
|
0-0: Ball 1-0: Swinging Strike 1-1: Foul Ball, location: 2F 1-2: Foul Ball, location: 2F 1-2: DOUBLE (Flyball, 78D) Ricardo García to third
|
Batting: RHB José Ramos
|
0-0: Ball 1-0: Foul Ball, location: 2F 1-1: Swinging Strike 1-2: SINGLE (Line Drive, 4MD) Ricardo García scores José Velásquez to third
|
Batting: RHB Bill Andrews
|
0-0: SINGLE (Flyball, 9LS) José Velásquez scores José Ramos to second Runner from 2nd tries for 3rd, SAFE, throw made to third
|
Batting: RHB Albert Morán
|
0-0: Called Strike 0-1: Foul Ball, location: 2F 0-2: Ball 1-2: Foul Ball, location: 2F 1-2: Fly out, F7 (Flyball, 7LM) Runner from 3rd tags up, SCORES, throw made
|
Batting: RHB Jeff Bergeron
|
0-0: Fly out, F8 (Flyball, 8RM)
|
Batting: RHB Robert Rose
|
0-0: Foul Ball, location: 2F 0-1: Fly out, F7 (Flyball, 78M)
|
Top of the 2nd over - 3 run(s), 4 hit(s), 0 error(s), 1 left on base; Pensacola 5 - State College 0 |
BOTTOM OF THE 2ND |
State College Spikes batting - Pitching for Pensacola Pilots : LHP Ramón Vázquez
|
Batting: RHB Diego Benítez
|
0-0: Foul Ball, location: 2F 0-1: Called Strike 0-2: Ground out 6-3 (Groundball, 56)
|
Batting: RHB Millard Walker
|
0-0: Ball 1-0: Ball 2-0: Ball 3-0: Called Strike 3-1: Base on Balls
|
Batting: RHB Luis Ortega
|
0-0: Ball 1-0: Foul Ball, location: 2F 1-1: Called Strike 1-2: Ball 2-2: Ball 3-2: Base on Balls Millard Walker to second
|
Batting: RHB Will Stafford
|
0-0: Ball 1-0: Called Strike 1-1: SINGLE (Groundball, 6M) (infield hit) Millard Walker to third Luis Ortega to second
|
Batting: RHB Luis Árias
|
0-0: Foul Ball, location: 2F 0-1: Ball 1-1: Foul Ball, location: 2F 1-2: Foul Ball, location: 2F 1-2: Foul Ball, location: 2F 1-2: SINGLE (Groundball, 34D) Millard Walker scores Luis Ortega to third Will Stafford to second Runner from 3rd tries for Home, SAFE, throw made home
|
Batting: RHB Emory Brooks
|
0-0: Ball 1-0: Called Strike 1-1: Ball 2-1: Swinging Strike 2-2: Grounds into double play, 6-4-3 (Groundball, 6)
|
Bottom of the 2nd over - 2 run(s), 2 hit(s), 0 error(s), 1 left on base; Pensacola 5 - State College 2 |
TOP OF THE 3RD |
Pensacola Pilots batting - Pitching for State College Spikes : RHP Garrett Bell
|
Batting: SHB Fernando Gutiérrez
|
0-0: Ball 1-0: SINGLE (Groundball, 34D)
|
Batting: RHB Dennis Mays
|
0-0: Ball 1-0: Ball 2-0: Ground out 5-3 (Groundball, 56S) Fernando Gutiérrez to second
|
Batting: LHB Ricardo García
|
0-0: Ball 1-0: Foul Ball, location: 2F 1-1: Foul Ball, location: 2F 1-2: Ball 2-2: DOUBLE (Line Drive, 9LS) Fernando Gutiérrez scores
|
Batting: SHB José Velásquez
|
0-0: Ball 1-0: Swinging Strike 1-1: Ball 2-1: Hit by Pitch
|
Batting: RHB José Ramos
|
0-0: Foul Ball, location: 2F 0-1: Ball 1-1: Fly out, F9 (Flyball, 89M)
|
Pitching: RHP Drake Johnston
|
|
Batting: RHB Bill Andrews
|
0-0: SINGLE (Line Drive, 7S) Ricardo García to third José Velásquez to second Runner from 3rd tries for Home, SAFE, no throw
|
Batting: RHB Albert Morán
|
0-0: Ball 1-0: Ball 2-0: Called Strike 2-1: Foul Ball, location: 2F 2-2: Ball 3-2: Fly out, F9 (Flyball, 89M)
|
Top of the 3rd over - 2 run(s), 3 hit(s), 0 error(s), 2 left on base; Pensacola 7 - State College 2 |
BOTTOM OF THE 3RD |
State College Spikes batting - Pitching for Pensacola Pilots : LHP Ramón Vázquez
|
Batting: RHB Matt Tucker
|
0-0: Ball 1-0: Foul Ball, location: 2F 1-1: Reached on error, E5 (Groundball, 56S)
|
Batting: SHB Nuno Fonseca
|
0-0: Called Strike 0-1: Fly out, F9 (Flyball, 9LMF)
|
Batting: RHB Luis Montoya
|
0-0: Called Strike Matt Tucker steals 2nd base 0-1: Ball 1-1: Ball 2-1: Fly out, F5 (Popup, 5S)
|
Batting: RHB Diego Benítez
|
0-0: Ball 1-0: Swinging Strike 1-1: Ball 2-1: Swinging Strike 2-2: Ground out 5-3 (Groundball, 56)
|
Bottom of the 3rd over - 0 run(s), 0 hit(s), 1 error(s), 1 left on base; Pensacola 7 - State College 2 |
TOP OF THE 4TH |
Pensacola Pilots batting - Pitching for State College Spikes : RHP Drake Johnston
|
Batting: RHB Jeff Bergeron
|
0-0: Ball 1-0: Foul Ball, location: 2F 1-1: Fly out, F9 (Flyball, 9LS)
|
Batting: RHB Robert Rose
|
0-0: Fly out, F7 (Flyball, 78D)
|
Batting: SHB Fernando Gutiérrez
|
0-0: Foul Ball, location: 2F 0-1: Ball 1-1: Ball 2-1: Ball 3-1: Foul Ball, location: 2F 3-2: Foul Ball, location: 2F 3-2: DOUBLE (Line Drive, 7LM)
|
Batting: RHB Dennis Mays
|
0-0: Called Strike 0-1: Ball 1-1: TRIPLE (Flyball, 7LS) Fernando Gutiérrez scores
|
Batting: LHB Ricardo García
|
0-0: Ball 1-0: SINGLE (Flyball, 7LS) Dennis Mays scores
|
Batting: SHB José Velásquez
|
0-0: Called Strike 0-1: Ball 1-1: Foul Ball, location: 2F 1-2: Fly out, F9 (Flyball, 9LMF)
|
Top of the 4th over - 2 run(s), 3 hit(s), 0 error(s), 1 left on base; Pensacola 9 - State College 2 |
BOTTOM OF THE 4TH |
State College Spikes batting - Pitching for Pensacola Pilots : LHP Ramón Vázquez
|
Batting: RHB Millard Walker
|
0-0: Ball 1-0: Called Strike 1-1: Ball 2-1: Ball 3-1: Foul Ball, location: 2F 3-2: Base on Balls
|
Batting: RHB Luis Ortega
|
0-0: Swinging Strike 0-1: Foul Ball, location: 2F 0-2: Ball 1-2: Fly out, F5 (Line Drive, 5S)
|
Batting: RHB Will Stafford
|
0-0: Called Strike 0-1: Ball 1-1: Ball 2-1: SINGLE (Groundball, 6MD) Millard Walker to second
|
Batting: RHB Luis Árias
|
0-0: Ball 1-0: Ball 2-0: Called Strike 2-1: Foul Ball, location: 2F 2-2: Strikes out swinging
|
Batting: RHB Emory Brooks
|
0-0: Swinging Strike 0-1: Called Strike 0-2: Foul Ball, location: 2F 0-2: Strikes out swinging
|
Bottom of the 4th over - 0 run(s), 1 hit(s), 0 error(s), 2 left on base; Pensacola 9 - State College 2 |
TOP OF THE 5TH |
Pensacola Pilots batting - Pitching for State College Spikes : RHP Drake Johnston
|
Batting: RHB José Ramos
|
0-0: Called Strike 0-1: Ball 1-1: Foul Ball, location: 2F 1-2: Ball 2-2: SINGLE (Groundball, 6D)
|
Batting: RHB Bill Andrews
|
0-0: Foul Ball, location: 2F 0-1: SINGLE (Groundball, 56D) José Ramos to second
|
Batting: RHB Albert Morán
|
0-0: Fielders Choice at 2nd, 6-4 (Groundball, 56) José Ramos to third
|
Batting: RHB Jeff Bergeron
|
0-0: Ball Albert Morán is caught stealing 2nd base 1-0: Ball 2-0: Foul Ball, location: 2F 2-1: 2-RUN HOME RUN (Line Drive, 7LD), Distance : 319 ft
|
Batting: RHB Robert Rose
|
0-0: Called Strike 0-1: Foul Ball, location: 2F 0-2: Ball 1-2: Foul Ball, location: 2F 1-2: Strikes out swinging
|
Top of the 5th over - 2 run(s), 3 hit(s), 0 error(s), 0 left on base; Pensacola 11 - State College 2 |
BOTTOM OF THE 5TH |
State College Spikes batting - Pitching for Pensacola Pilots : LHP Ramón Vázquez
|
Batting: RHB Matt Tucker
|
0-0: Ball 1-0: Foul Ball, location: 2F 1-1: SINGLE (Line Drive, 78M)
|
Pitching: RHP Cisco Caraballo
|
|
Batting: SHB Nuno Fonseca
|
0-0: Foul Ball, location: 2F 0-1: Ball 1-1: Fielders Choice at 2nd, 3-6 (Groundball, 3)
|
Batting: RHB Luis Montoya
|
0-0: Ball 1-0: Called Strike 1-1: Swinging Strike 1-2: Grounds into double play, 5-4-3 (Groundball, 56)
|
Bottom of the 5th over - 0 run(s), 1 hit(s), 0 error(s), 0 left on base; Pensacola 11 - State College 2 |
TOP OF THE 6TH |
Pensacola Pilots batting - Pitching for State College Spikes : RHP Drake Johnston
|
Pitching: RHP James Waddell
|
|
Batting: SHB Fernando Gutiérrez
|
0-0: Ball 1-0: Called Strike 1-1: Swinging Strike 1-2: Ball 2-2: SINGLE (Line Drive, 7LM)
|
Batting: RHB Dennis Mays
|
0-0: SINGLE (Line Drive, 78S) Fernando Gutiérrez to second
|
Batting: LHB Ricardo García
|
0-0: Swinging Strike 0-1: Foul Ball, location: 2F 0-2: Ball 1-2: Strikes out swinging
|
Batting: SHB José Velásquez
|
0-0: Called Strike 0-1: Ball 1-1: Foul Ball, location: 2F 1-2: Fly out, F7 (Flyball, 78S)
|
Batting: RHB José Ramos
|
0-0: Fielders Choice at 2nd, 4-6 (Groundball, 4)
|
Top of the 6th over - 0 run(s), 2 hit(s), 0 error(s), 1 left on base; Pensacola 11 - State College 2 |
BOTTOM OF THE 6TH |
State College Spikes batting - Pitching for Pensacola Pilots : RHP Cisco Caraballo
|
Batting: RHB Diego Benítez
|
0-0: DOUBLE (Line Drive, 7D)
|
Batting: RHB Millard Walker
|
0-0: Ball Passed Ball! Diego Benítez to third 1-0: Ball 2-0: Foul Ball, location: 2F 2-1: Ball 3-1: Foul Ball, location: 2F 3-2: Base on Balls
|
Batting: RHB Luis Ortega
|
0-0: Called Strike 0-1: Foul Ball, location: 2F 0-2: Strikes out swinging
|
Batting: RHB Will Stafford
|
0-0: Called Strike 0-1: SINGLE (Groundball, 56S) (infield hit) Diego Benítez scores Millard Walker to second
|
Batting: RHB Luis Árias
|
0-0: Foul Ball, location: 2F 0-1: Ball 1-1: Swinging Strike 1-2: Ball 2-2: Foul Ball, location: 2F 2-2: Ball 3-2: Strikes out swinging
|
Batting: RHB Emory Brooks
|
0-0: Ball 1-0: Ground out 5-3 (Groundball, 56S)
|
Bottom of the 6th over - 1 run(s), 2 hit(s), 0 error(s), 2 left on base; Pensacola 11 - State College 3 |
TOP OF THE 7TH |
Pensacola Pilots batting - Pitching for State College Spikes : RHP James Waddell
|
Batting: RHB Bill Andrews
|
0-0: Called Strike 0-1: Ball 1-1: Ball 2-1: Ground out 4-3 (Groundball, 4)
|
Batting: RHB Albert Morán
|
0-0: Ball 1-0: Foul Ball, location: 2F 1-1: Ball 2-1: Swinging Strike 2-2: Foul Ball, location: 2F 2-2: Ball 3-2: Strikes out looking
|
Batting: RHB Jeff Bergeron
|
0-0: Ball 1-0: Ball 2-0: Called Strike 2-1: Foul Ball, location: 2F 2-2: Fly out, F5 (Line Drive, 56)
|
Top of the 7th over - 0 run(s), 0 hit(s), 0 error(s), 0 left on base; Pensacola 11 - State College 3 |
BOTTOM OF THE 7TH |
State College Spikes batting - Pitching for Pensacola Pilots : RHP Cisco Caraballo
|
Batting: RHB Matt Tucker
|
0-0: Called Strike
|
|
|
Tuesday, August 8th, 2017 - OOTP Baseball 17.12 Build 75
|
|